AoeStats
← Ikwilookkaas

Arena

505418952Analyzed
4v4 RM · 24d ago on Sep 9, 2026· 33m 40s· 8 players
Game mode
Random Map
Map size
Large (8 player)
Population
200
Speed
Normal
Resources
Standard
Victory
Conquest
Starting age
Dark Age
Ending age
Imperial Age
RankedLock teamsTeams togetherTeam positionsShared explorationLock speedFull tech treeHidden civsTurbo modeCheats
Victory
Defeat
🇮🇳 Celts · India
984
+15
🇬🇧 Britons · United Kingdom
964
+16
🇿🇦 Romans · South Africa
921
+18
🇨🇳 Persians · China
914
+18
🇦🇺 Goths · Australia
1151
-58
🇦🇺 Italians · Australia
1000
-55
🇳🇱 Khmer · Netherlands
853
-12
🇦🇺 Japanese · Australia
841
-30
|BFC| TimDragonSpike
10:15 Loom
12:34 Feudal Age
22:00 Castle Age
22:26 Scale Mail Armor
22:31 Pikeman
23:11 Squires
25:19 Double-Bit Axe
25:17 Horse Collar
26:50 Bow Saw
31:04 Imperial Age
29:13 Wheelbarrow
CharlieNie
11:01 Feudal Age
11:39 Double-Bit Axe
11:37 Horse Collar
15:31 Loom
17:50 Castle Age
16:20 Gold Mining
18:06 Stone Mining
19:26 Heavy Plow
19:49 Bow Saw
21:23 Wheelbarrow
21:17 Town Watch
22:44 Stone Shaft Mining
22:45 Gold Shaft Mining
22:31 Hand Cart
26:06 Scale Mail Armor
26:17 Forging
29:23 Scale Barding Armor
29:59 Iron Casting
30:31 Caravan
34:32 Imperial Age
33:49 Chain Barding Armor
dushyanthkuthati
0:44 Loom
13:39 Feudal Age
15:09 Wheelbarrow
14:46 Horse Collar
18:40 Castle Age
16:40 Double-Bit Axe
16:46 Gold Mining
19:38 Hand Cart
25:02 Town Watch
Asturon
10:47 Feudal Age
11:33 Double-Bit Axe
11:46 Horse Collar
15:21 Loom
15:52 Stone Mining
16:16 Gold Mining
20:13 Castle Age
21:26 Bow Saw
21:18 Heavy Plow
22:08 Gold Shaft Mining
26:31 Imperial Age
24:51 Fletching
Ikwilookkaas
10:27 Feudal Age
10:54 Double-Bit Axe
11:36 Horse Collar
13:27 Wheelbarrow
19:33 Castle Age
17:21 Loom
17:22 Town Watch
20:39 Heavy Plow
20:53 Bow Saw
26:00 Tusk Swords
26:04 Husbandry
27:05 Scale Barding Armor
27:11 Forging
JES
13:55 Feudal Age
15:49 Double-Bit Axe
15:53 Horse Collar
20:15 Castle Age
Danzie_Dee
3:45 Loom
11:26 Feudal Age
16:18 Castle Age
15:14 Double-Bit Axe
15:12 Horse Collar
21:50 Bow Saw
21:46 Stone Mining
22:58 Wheelbarrow
25:04 Hand Cart
25:04 Pikeman
matt500x
11:18 Feudal Age
12:23 Town Watch
16:14 Castle Age
15:49 Horse Collar
16:37 Double-Bit Axe
17:42 Town Watch
21:36 Gold Mining
22:00 Loom
21:41 Elite Skirmisher
24:58 Thumb Ring
27:07 Husbandry
28:49 Bloodlines
28:00 Light Cavalry
30:53 Scale Barding Armor
31:38 Padded Archer Armor
33:08 Chain Barding Armor
32:59 Forging
32:39 Fletching
Connection lost

Rejoining the realm…

Still unreachable

The connection could not be restored.

Session expired

The server has moved on; the page needs a fresh start.